PAAA
MILTON DOGFISH HEAD @ HOUSTON BC
06/02/2029
 
TOP OF THE 1ST
Milton Dogfish Head batting - Pitching for Houston BC : RHP Ramón Ortega
Pitching: RHP Ramón Ortega
Batting: RHB Moisés Quintana 0-0: Called Strike
0-1: Ball
1-1: Fly out, F8 (Flyball, 8LXD)
Batting: RHB Miguel Montoya 0-0: Ball
1-0: Reached on error, E5 (Groundball, 5S)
Batting: RHB José Correa 0-0: Called Strike
0-1: Grounds into double play, 1-6-3 (Groundball, P)
Top of the 1st over - 0 runs, 0 hits, 1 error, 0 left on base; Milton 0 - Houston 0
BOTTOM OF THE 1ST
Houston BC batting - Pitching for Milton Dogfish Head : RHP Manny Pérez
Pitching: RHP Manny Pérez
Batting: RHB Habbo Allaart 0-0: Ball
1-0: Called Strike
1-1: Foul Ball, location: 2F
1-2: Fly out, F7 (Line Drive, 7)
Batting: RHB Ismael Sandoval 0-0: Foul Ball, location: 2F
0-1: Called Strike
0-2: Ball
1-2: Foul Ball, location: 2F
1-2: Ball
2-2: Strikes out looking
Batting: LHB Dawit Lihalakha 0-0: Fly out, F7 (Flyball, 78M)
Bottom of the 1st over - 0 runs, 0 hits, 0 errors, 0 left on base; Milton 0 - Houston 0
TOP OF THE 2ND
Milton Dogfish Head batting - Pitching for Houston BC : RHP Ramón Ortega
Batting: RHB Bryce Bancroft 0-0: Ground out U3 (Groundball, 3S)
Batting: LHB Edward Woodstock 0-0: Ball
1-0: Called Strike
1-1: DOUBLE (Groundball, 3L)
Batting: RHB Luis Alomar 0-0: Called Strike
0-1: Ball
1-1: Fly out, F4 (Popup, 23)
Batting: RHB David Sánchez 0-0: Ball
1-0: Called Strike
1-1: SINGLE (Line Drive, 6M)
Edward Woodstock to third
Batting: LHB Luis Vicenteno 0-0: Ball
1-0: Ground out 4-3 (Groundball, 34D)
Top of the 2nd over - 0 runs, 2 hits, 0 errors, 2 left on base; Milton 0 - Houston 0
BOTTOM OF THE 2ND
Houston BC batting - Pitching for Milton Dogfish Head : RHP Manny Pérez
Batting: RHB Alfredo Mojica 0-0: Foul Ball, location: 2F
0-1: Ball
1-1: Called Strike
1-2: Fly out, F8 (Flyball, 8LM)
Batting: RHB Ludovico Trezza 0-0: Foul Ball, location: 2F
0-1: Ball
1-1: Ball
2-1: Ball
3-1: Fly out, F7 (Flyball, 78S)
Batting: RHB Alfonso Bocanegra 0-0: Ball
1-0: Fly out, F9 (Flyball, 89S)
Bottom of the 2nd over - 0 runs, 0 hits, 0 errors, 0 left on base; Milton 0 - Houston 0
TOP OF THE 3RD
Milton Dogfish Head batting - Pitching for Houston BC : RHP Ramón Ortega
Batting: SHB Javier Luna 0-0: Called Strike
0-1: Ball
1-1: Ball
2-1: Fly out, F8 (Flyball, 8LS)
Batting: RHB Moisés Quintana 0-0: Ball
1-0: Ball
2-0: Fly out, F9 (Line Drive, 89D)
Batting: RHB Miguel Montoya 0-0: Ground out 5-3 (Groundball, 56S)
Top of the 3rd over - 0 runs, 0 hits, 0 errors, 0 left on base; Milton 0 - Houston 0
BOTTOM OF THE 3RD
Houston BC batting - Pitching for Milton Dogfish Head : RHP Manny Pérez
Batting: RHB António López 0-0: Foul Ball, location: 2F
0-1: Foul Ball, location: 2F
0-2: Strikes out swinging
Batting: RHB Jorge Quezada 0-0: Called Strike
0-1: Swinging Strike
0-2: Ball
1-2: Strikes out looking
Batting: RHB Tyler Utterback 0-0: Foul Ball, location: 2F
0-1: Ground out 4-3 (Groundball, 4M)
Bottom of the 3rd over - 0 runs, 0 hits, 0 errors, 0 left on base; Milton 0 - Houston 0
TOP OF THE 4TH
Milton Dogfish Head batting - Pitching for Houston BC : RHP Ramón Ortega
Batting: RHB José Correa 0-0: Called Strike
0-1: Ball
1-1: Fly out, F6 (Line Drive, 6M)
Batting: RHB Bryce Bancroft 0-0: Ball
1-0: Ball
2-0: SINGLE (Groundball, 6MD)
Batting: LHB Edward Woodstock 0-0: Ball
1-0: SINGLE (Groundball, 34D)
Bryce Bancroft to second
Runner from 2nd tries for 3rd, SAFE, no throw
Batting: RHB Luis Alomar 0-0: Ball
1-0: Called Strike
1-1: Ball
Edward Woodstock is caught stealing 2nd base
2-1: Foul Ball, location: 2F
2-2: Ball
3-2: Ground out 6-3 (Groundball, 6)
Top of the 4th over - 0 runs, 2 hits, 0 errors, 1 left on base; Milton 0 - Houston 0
BOTTOM OF THE 4TH
Houston BC batting - Pitching for Milton Dogfish Head : RHP Manny Pérez
Batting: RHB Habbo Allaart 0-0: Called Strike
0-1: Called Strike
0-2: Strikes out swinging
Batting: RHB Ismael Sandoval 0-0: Ball
1-0: Ball
2-0: Called Strike
2-1: Ground out 5-3 (Groundball, 56S)
Batting: LHB Dawit Lihalakha 0-0: Ground out 4-3 (Groundball, 4M)
Bottom of the 4th over - 0 runs, 0 hits, 0 errors, 0 left on base; Milton 0 - Houston 0
TOP OF THE 5TH
Milton Dogfish Head batting - Pitching for Houston BC : RHP Ramón Ortega
Batting: RHB David Sánchez 0-0: Swinging Strike
0-1: Called Strike
0-2: Foul Ball, location: 2F
0-2: Ball
1-2: Ball
2-2: Ground out 6-3 (Groundball, 6)
Batting: LHB Luis Vicenteno 0-0: Called Strike
0-1: Foul Ball, location: 2F
0-2: SOLO HOME RUN (Flyball, 9D), Distance : 380 ft
Batting: SHB Javier Luna 0-0: Swinging Strike
0-1: Ground out 4-3 (Groundball, 4)
Batting: RHB Moisés Quintana 0-0: Called Strike
0-1: Ball
1-1: DOUBLE (Line Drive, 78D)
Batting: RHB Miguel Montoya 0-0: Ball
1-0: Foul Ball, location: 2F
1-1: Ball
2-1: Ball
3-1: Base on Balls
Batting: RHB José Correa 0-0: Foul Ball, location: 2F
0-1: Ground out 6-3 (Groundball, 6S)
Top of the 5th over - 1 run, 2 hits, 0 errors, 2 left on base; Milton 1 - Houston 0
BOTTOM OF THE 5TH
Houston BC batting - Pitching for Milton Dogfish Head : RHP Manny Pérez
Batting: RHB Alfredo Mojica 0-0: Ball
1-0: Ball
2-0: Ball
3-0: Base on Balls
Batting: RHB Ludovico Trezza 0-0: Grounds into double play, 5-4-3 (Groundball, 56)
Batting: RHB Alfonso Bocanegra 0-0: Ball
1-0: Ground out U3 (Groundball, 3S)
Bottom of the 5th over - 0 runs, 0 hits, 0 errors, 0 left on base; Milton 1 - Houston 0
TOP OF THE 6TH
Milton Dogfish Head batting - Pitching for Houston BC : RHP Ramón Ortega
Batting: RHB Bryce Bancroft 0-0: Ball
1-0: Fly out, F4 (Line Drive, 4)
Batting: LHB Edward Woodstock 0-0: SINGLE (Line Drive, 89S)
Batting: RHB Luis Alomar 0-0: Called Strike
0-1: Grounds into double play, 5-4-3 (Groundball, 5L)
Top of the 6th over - 0 runs, 1 hit, 0 errors, 0 left on base; Milton 1 - Houston 0
BOTTOM OF THE 6TH
Houston BC batting - Pitching for Milton Dogfish Head : RHP Manny Pérez
Batting: RHB António López 0-0: SINGLE (Flyball, 4D)
Batting: RHB Jorge Quezada 0-0: Foul Ball, location: 2F
0-1: Ball
1-1: Foul Ball, location: 2F
1-2: Foul Ball, location: 2F
1-2: Foul Ball, location: 2F
1-2: Foul Ball, location: 2F
1-2: Strikes out swinging
Batting: RHB Tyler Utterback 0-0: Called Strike
0-1: Foul Ball, location: 2F
0-2: Ball
1-2: Strikes out looking
Batting: RHB Habbo Allaart 0-0: Ball
1-0: Ball
2-0: Ball
3-0: Base on Balls
António López to second
Batting: RHB Ismael Sandoval 0-0: Foul Ball, location: 2F
0-1: Ground out U3 (Groundball, 34)
Bottom of the 6th over - 0 runs, 1 hit, 0 errors, 2 left on base; Milton 1 - Houston 0
TOP OF THE 7TH
Milton Dogfish Head batting - Pitching for Houston BC : RHP Ramón Ortega
Batting: RHB David Sánchez 0-0: Called Strike
0-1: Foul Ball, location: 2F
0-2: Foul Ball, location: 2F
0-2: SINGLE (Groundball, 56D)
Batting: LHB Luis Vicenteno 0-0: Bunted foul
0-1: Bunted foul
0-2: Ball
1-2: Ball
2-2: Fly out, F7 (Flyball, 78M)
Batting: SHB Javier Luna 0-0: Called Strike
0-1: Ball
1-1: Swinging Strike
1-2: Foul Ball, location: 2F
1-2: Fly out, F5 (Popup, 5S)
Batting: RHB Moisés Quintana 0-0: Ball
1-0: Foul Ball, location: 2F
1-1: Ball
2-1: Ball
David Sánchez steals 2nd base
3-1: Foul Ball, location: 2F
3-2: Ground out 3-1 (Groundball, 34)
Top of the 7th over - 0 runs, 1 hit, 0 errors, 1 left on base; Milton 1 - Houston 0
BOTTOM OF THE 7TH
Houston BC batting - Pitching for Milton Dogfish Head : RHP Manny Pérez
Batting: LHB Dawit Lihalakha 0-0: Ball
1-0: Ball
2-0: Ball
3-0: Base on Balls
Batting: RHB Alfredo Mojica 0-0: Called Strike
0-1: Ball
Error on foul ball, E7
1-2: Fly out, F6 (Popup, 6MD)
Pinch Hitting: LHB Álex Ramírez 0-0: Called Strike
0-1: Ball
1-1: Foul Ball, location: 2F
1-2: Ball
2-2: Strikes out swinging
Batting: RHB Alfonso Bocanegra 0-0: Ball
1-0: Ball
2-0: Foul Ball, location: 2F
2-1: Fielders Choice at 2nd, U4 (Groundball, 4M)
Bottom of the 7th over - 0 runs, 0 hits, 1 error, 1 left on base; Milton 1 - Houston 0
TOP OF THE 8TH
Milton Dogfish Head batting - Pitching for Houston BC : RHP Ramón Ortega
Now in LF: Álex Ramírez
Batting: RHB Miguel Montoya 0-0: Called Strike
0-1: Fly out, F7 (Flyball, 7)
Batting: RHB José Correa 0-0: Called Strike
0-1: Ball
1-1: Foul Ball, location: 2F
1-2: Ground out 5-3 (Groundball, 56S)
Batting: RHB Bryce Bancroft 0-0: Called Strike
0-1: Ground out 6-3 (Groundball, 56D)
Top of the 8th over - 0 runs, 0 hits, 0 errors, 0 left on base; Milton 1 - Houston 0
BOTTOM OF THE 8TH
Houston BC batting - Pitching for Milton Dogfish Head : RHP Manny Pérez
Batting: RHB António López 0-0: Ball
1-0: Foul Ball, location: 2F
1-1: Fly out, F9 (Flyball, 9LM)
Batting: RHB Jorge Quezada 0-0: Called Strike
0-1: Swinging Strike
0-2: Ball
1-2: Ball
2-2: Ball
3-2: Foul Ball, location: 2F
3-2: Foul Ball, location: 2F
3-2: Ground out 6-3 (Groundball, 6)
Batting: RHB Tyler Utterback 0-0: SINGLE (Groundball, 6M) (infield hit)
Batting: RHB Habbo Allaart 0-0: Ball
1-0: Ball
2-0: SINGLE (Groundball, P) (infield hit)
Tyler Utterback to second
Batting: RHB Ismael Sandoval 0-0: Called Strike
0-1: Swinging Strike
0-2: Ball
1-2: Ball
2-2: Fly out, F7 (Line Drive, 7)
Bottom of the 8th over - 0 runs, 2 hits, 0 errors, 2 left on base; Milton 1 - Houston 0
TOP OF THE 9TH
Milton Dogfish Head batting - Pitching for Houston BC : RHP Ramón Ortega
Pitching: RHP William DeWitt
Batting: LHB Edward Woodstock 0-0: Called Strike
0-1: Called Strike
0-2: Ball
1-2: Ball
2-2: Strikes out looking
Batting: RHB Luis Alomar 0-0: Ball
1-0: Ball
2-0: Ground out 6-3 (Groundball, 6)
Batting: RHB David Sánchez 0-0: Called Strike
0-1: Ball
1-1: DOUBLE (Flyball, 8LD)
Pinch Hitting: LHB António Ramos 0-0: Called Strike
0-1: Swinging Strike
0-2: Ball
1-2: Ball
2-2: Strikes out swinging
Top of the 9th over - 0 runs, 1 hit, 0 errors, 1 left on base; Milton 1 - Houston 0
BOTTOM OF THE 9TH
Houston BC batting - Pitching for Milton Dogfish Head : RHP Manny Pérez
Pitching: LHP Santiago Mesa
Now in LF: Bill Tan
Pinch Hitting: RHB Dennis Morrow 0-0: Ball
1-0: Ball
2-0: Ball
3-0: Called Strike
3-1: Base on Balls
Batting: RHB Alfredo Mojica 0-0: Ball
1-0: Called Strike
1-1: Ball
2-1: Called Strike
2-2: Ball
3-2: Base on Balls
Dennis Morrow to second
Pinch Runner at 2nd Raúl Trevino:
Pinch Hitting: RHB Alfredo Rivera 0-0: Ball
1-0: Grounds into double play, 5-4-3 (Groundball, 56)
Raúl Trevino to third
Batting: RHB Alfonso Bocanegra 0-0: SINGLE (Groundball, 6M) (infield hit)
Raúl Trevino scores
Batting: RHB António López 0-0: Swinging Strike
0-1: Ball
1-1: Hit by Pitch
Alfonso Bocanegra to second
Batting: RHB Jorge Quezada 0-0: Called Strike
0-1: Called Strike
0-2: Fielders Choice at 2nd, 6-4 (Groundball, 6)
Bottom of the 9th over - 1 run, 1 hit, 0 errors, 2 left on base; Milton 1 - Houston 1
TOP OF THE 10TH
Milton Dogfish Head batting - Pitching for Houston BC : RHP William DeWitt
Now at 1B: Alfredo Rivera
Now in LF: Raúl Trevino
Batting: SHB Javier Luna 0-0: Ball
1-0: Ground out 5-3 (Groundball, 56S)
Batting: RHB Moisés Quintana 0-0: Ball
1-0: SINGLE (Line Drive, 9LS)
Pinch Runner at 1st Héctor Gallegos:
Pinch Hitting: LHB Víctor Robledo 0-0: Ball
1-0: Ball
Héctor Gallegos steals 2nd base
2-0: Intentional Walk
Pinch Hitting: RHB Paco Muñóz 0-0: Ball
Héctor Gallegos steals 3rd base
Víctor Robledo to second
1-0: Intentional Walk
Pinch Hitting: SHB Alejandro Castillo 0-0: Fly out, F8 (Flyball, 8RD)
Runner from 3rd tags up, SCORES, throw made
Batting: LHB Edward Woodstock 0-0: Called Strike
0-1: Ball
1-1: Ball
2-1: Swinging Strike
2-2: Strikes out looking
Top of the 10th over - 1 run, 1 hit, 0 errors, 2 left on base; Milton 2 - Houston 1
BOTTOM OF THE 10TH
Houston BC batting - Pitching for Milton Dogfish Head : LHP Santiago Mesa
Pitching: RHP Robinson Suárez
Now at C: Paco Muñóz
Now at 1B: Héctor Gallegos
Now in CF: Víctor Robledo
Batting: RHB Tyler Utterback 0-0: Foul Ball, location: 2F
Now in LF: Alejandro Castillo 0-1: SINGLE (Flyball, 8LS)
Batting: RHB Habbo Allaart 0-0: Ball
1-0: Ball
2-0: Bunted foul
2-1: Bunted foul
2-2: Ball
3-2: Foul Ball, location: 2F
3-2: Strikes out looking
Batting: RHB Ismael Sandoval 0-0: Ball
1-0: Foul Ball, location: 2F
1-1: Ball
2-1: Swinging Strike
2-2: Strikes out swinging
Batting: LHB Raúl Trevino 0-0: Swinging Strike
0-1: SINGLE (Groundball, 5D)
Tyler Utterback to second
Batting: RHB Alfredo Mojica 0-0: Ball
1-0: DOUBLE (Line Drive, 9D)
Tyler Utterback scores
Raúl Trevino to third
Runner from 3rd tries for Home, throw and OUT!
Bottom of the 10th over - 1 run, 3 hits, 0 errors, 1 left on base; Milton 2 - Houston 2
TOP OF THE 11TH
Milton Dogfish Head batting - Pitching for Houston BC : RHP William DeWitt
Pitching: RHP Dan Hobbs
Batting: RHB Luis Alomar 0-0: Ball
1-0: Called Strike
1-1: Ball
2-1: Swinging Strike
2-2: Ball
3-2: Fly out, F8 (Flyball, 8RD)
Batting: RHB David Sánchez 0-0: Ball
1-0: Swinging Strike
1-1: Ball
2-1: Called Strike
2-2: Ball
3-2: Base on Balls
Batting: RHB Bill Tan 0-0: Ball
1-0: Ground out U3 (Groundball, 3)
David Sánchez to second
Batting: SHB Javier Luna 0-0: Ball
1-0: Ball
2-0: Ball
3-0: Called Strike
3-1: Base on Balls
Batting: RHB Héctor Gallegos 0-0: Ball
1-0: Called Strike
1-1: Ball
2-1: SINGLE (Line Drive, 9LS)
David Sánchez to third
Javier Luna to second
Runner from 3rd tries for Home, SAFE, throw made home
Batting: LHB Víctor Robledo 0-0: Ball
1-0: 3-RUN HOME RUN (Flyball, 9LD), Distance : 362 ft
Pitching: RHP Marc Morgan
Batting: RHB Paco Muñóz 0-0: Ball
1-0: Foul Ball, location: 2F
1-1: Foul Ball, location: 2F
1-2: Ball
2-2: SINGLE (Groundball, 4MD)
Batting: SHB Alejandro Castillo 0-0: Ball
1-0: Ball
2-0: Ball
3-0: Swinging Strike
3-1: Foul Ball, location: 2F
3-2: Base on Balls
Paco Muñóz to second
Batting: LHB Edward Woodstock 0-0: Called Strike
0-1: Foul Ball, location: 2F
0-2: Ball
1-2: Foul Ball, location: 2F
1-2: Foul Ball, location: 2F
1-2: Foul Ball, location: 2F
1-2: Fly out, F8 (Flyball, 78XD)
Top of the 11th over - 4 runs, 3 hits, 0 errors, 2 left on base; Milton 6 - Houston 2
BOTTOM OF THE 11TH
Houston BC batting - Pitching for Milton Dogfish Head : RHP Robinson Suárez
Pitching: RHP Michael Brown
Batting: RHB Alfredo Rivera 0-0: Called Strike
0-1: Ball
1-1: SINGLE (Groundball, 34D)
Batting: RHB Alfonso Bocanegra 0-0: Foul Ball, location: 2F
0-1: Ball
1-1: Swinging Strike
1-2: Strikes out looking
Batting: RHB António López 0-0: Ball
1-0: Ball
2-0: Foul Ball, location: 2F
2-1: Ball
3-1: Base on Balls
Alfredo Rivera to second
Batting: RHB Jorge Quezada 0-0: Called Strike
0-1: Foul Ball, location: 2F
0-2: Ball
1-2: Foul Ball, location: 2F
1-2: Ball
2-2: Ground out 5-3 (Groundball, 56S)
Alfredo Rivera to third
António López to second
Batting: RHB Tyler Utterback 0-0: Ball
1-0: Foul Ball, location: 2F
1-1: Swinging Strike
1-2: Strikes out swinging
Bottom of the 11th over - 0 runs, 1 hit, 0 errors, 2 left on base; Milton 6 - Houston 2
Tuesday, December 19th, 2017 - OOTP Baseball 18.8 Build 76